 Dungeon Crawl Stone Soup version 0.26.0-16-gc1dbca0489 (webtiles) character file.

Game seed: 17021764811216819574

574 kaeus the Firebug (level 7, -1/41 HPs)
             Began as an Octopode Fire Elementalist on Jan 22, 2021.
             Was a Follower of Sif Muna.
             Killed from afar by Natasha (8 damage)
             ... with a magic dart
             ... on level 4 of the Dungeon.
             The game lasted 00:10:53 (7192 turns).

kaeus the Firebug (Octopode Fire Elementalist)      Turns: 7192, Time: 00:10:54

Health: -1/41      AC:  1    Str:  8    XL:     7   Next: 34%
Magic:  5/13       EV: 13    Int: 19    God:    Sif Muna [*.....]
Gold:   240        SH:  0    Dex: 12    Spells: 13/14 levels left

rFire    . . .     SeeInvis .   g - +1 hand axe (venom)
rCold    . . .     Faith    .   (no shield)
rNeg     . . .     Spirit   .   (helmet restricted)
rPois    .         Reflect  .   (no amulet)
rElec    .         Harm     .   (no ring)
rCorr    .         Rampage  .   (no ring)
Will     .....                  (no ring)
Stlth    +++.......             (no ring)
HPRegen  0.13/turn              (no ring)
MPRegen  0.13/turn              (no ring)
                                (no ring)
                                (no ring)

@: slowed, very slow
A: almost no armour, stealthy swim, amphibious, 8 rings, constrict 8, camouflage
1, gelatinous body 1
a: Renounce Religion, Channel Magic


You were on level 4 of the Dungeon.
You worshipped Sif Muna.
Sif Muna was aware of your devotion.
You visited 1 branch of the dungeon, and saw 4 of its levels.

You collected 240 gold pieces.

Inventory:

Hand Weapons
 g - a +1 hand axe of venom (weapon)
Armour
 q - a +0 buckler
Wands
 o - a wand of polymorph (10)
Scrolls
 a - 2 scrolls of enchant weapon {unknown}
 b - 3 scrolls of identify
 f - 5 scrolls of amnesia
 h - a scroll of magic mapping
 k - a scroll of remove curse
 n - a scroll of blinking {unknown}
Potions
 c - a potion of might {unknown}
 d - 5 potions of curing
 e - a potion of brilliance
 i - a potion of degeneration
 j - a potion of haste
 l - a potion of flight {unknown}
 m - a potion of heal wounds {unknown}
 p - 2 potions of mutation {unknown}


   Skills:
 - Level 2.1 Dodging
 - Level 3.0 Stealth
 + Level 4.0 Spellcasting
 + Level 3.5 Conjurations
 * Level 6.0 Fire Magic


You had 13 spell levels left.
You knew the following spells:

 Your Spells              Type           Power        Failure   Level
a - Foxfire               Conj/Fire      88%          1%          1

Your spell library contained the following spells:

 Spells                   Type           Power        Failure   Level
 Conjure Flame            Conj/Fire      22%          5%          3
 Inner Flame              Hex/Fire       15%          12%         3
 Pain                     Necr           12%          14%         1
 Sticky Flame             Conj/Fire      22%          19%         4
 Fireball                 Conj/Fire      11%          45%         5


Dungeon Overview and Level Annotations

Branches:
Dungeon (4/15)
 Temple: D:4-7

Altars:
Fedhas
Nemelex Xobeh
Sif Muna
Xom

Annotations:
D:4 Natasha


Innate Abilities, Weirdness & Mutations

You cannot wear most types of armour.
You are very stealthy in the water. (Stealth+)
You are amphibious.
You can wear up to eight rings at the same time.
You can use your tentacles to constrict eight enemies at once.
Your skin changes colour to match your surroundings (Stealth+).
Your rubbery body absorbs attacks. (AC +1, EV +1)


Message History

Keep equipping yourself?
You stop putting on your armour.
Natasha claws you.
You take 3 damage, and have 21/41 hp.
You hit Natasha but do no damage. You grab Natasha. You constrict Natasha.
Natasha closely misses you.
Natasha stares at you and mumbles some strange words.
You feel yourself slow down.
You hit Natasha.
Natasha is lightly wounded.
You constrict Natasha. Natasha claws you!
* * * LOW HITPOINT WARNING * * *
You take 10 damage, and have 11/41 hp.
MASSIVE DAMAGE!!
You barely miss Natasha.
Natasha is moderately wounded.
You constrict Natasha. Natasha claws you.
* * * LOW HITPOINT WARNING * * *
Natasha casts a spell at you. The magic dart hits you!
You die...

#.# #..# #.# #.# #..# #.#
#.# #..# ##.## #.# #..#
#...# #.# #..# ###...####.#
########..###.
##.......##.###.............
#........).)....######..####
#.......[##@###### #..#
#.##...####.h....#####..####
######.##...#
######......<....#
...........## #..#####[##.#
######..###### #..# #.##.#
.............# #..# #.##.#
.#####..####.# #..# #..#.#
.#####..# #.# #(.# ##.#.#
.#....(.####.########..#
##....#


You could see Natasha.

Vanquished Creatures
  Duvessa (D:4)
  Dowan (D:4)
  A howler monkey (D:4)
  2 orc wizards (D:3)
  Crazy Yiuf (D:3)
  Terence (D:2)
  Natasha (twice) (D:4)
  A worker ant (D:4)
  Robin (D:2)
  6 adders
  An ufetubus (D:4)
  3 worms
  7 dart slugs
  A leopard gecko (D:3)
  4 orcs (D:4)
  3 giant cockroaches
  25 goblins
  13 hobgoblins
  2 jackals (D:1)
  2 quokkas
  13 bats
  4 frilled lizards
  9 kobolds
  8 rats
112 creatures vanquished.

Vanquished Creatures (collateral kills)
  4 foxfires
4 creatures vanquished.

Vanquished Creatures (others)
  310 foxfires
  7 fungi (D:3)
  19 plants
336 creatures vanquished.

Grand Total: 452 creatures vanquished

Notes
Turn   | Place    | Note
-------+----------+-------------------------------------------
     0 | D:1      | kaeus the Octopode Fire Elementalist began the quest for
                  | the Orb.
     0 | D:1      | Reached XP level 1. HP: 11/11 MP: 3/3
   105 | D:1      | Reached XP level 2. HP: 17/17 MP: 0/5
   550 | D:1      | Reached XP level 3. HP: 8/21 MP: 2/6
  1147 | D:1      | Found a sparkling altar of Nemelex Xobeh.
  1292 | D:1      | HP: 1/21 [poisoned by a hobgoblin]
  2054 | D:2      | Noticed Robin
  2095 | D:2      | Reached XP level 4. HP: 25/27 MP: 4/8
  2157 | D:2      | Killed Robin
  2394 | D:2      | Reached skill level 4 in Fire Magic
  2973 | D:2      | Found a shimmering altar of Xom.
  2978 | D:2      | Found a shimmering altar of Xom.
  3255 | D:2      | Noticed Terence
  3267 | D:2      | Killed Terence
  3268 | D:2      | Reached XP level 5. HP: 19/31 MP: 1/9
  3702 | D:3      | Found a blossoming altar of Fedhas.
  3779 | D:3      | Found a shimmering blue altar of Sif Muna.
  4077 | D:3      | Identified Sif Muna's Collected Works on Stolen Souls
  4168 | D:3      | Became a worshipper of Sif Muna the Loreminder
  4585 | D:3      | Reached XP level 6. HP: 36/36 MP: 4/11
  5184 | D:3      | Found a runed translucent door.
  5185 | D:3      | Noticed Crazy Yiuf
  5196 | D:3      | Killed Crazy Yiuf
  5197 | D:3      | Reached skill level 5 in Fire Magic
  5627 | D:4      | Reached * piety under Sif Muna
  5854 | D:4      | Noticed Duvessa
  6456 | D:4      | Noticed Natasha
  6464 | D:4      | Killed Natasha
  6492 | D:4      | Noticed Natasha
  6498 | D:4      | Killed Natasha
  7160 | D:4      | Noticed Dowan
  7172 | D:4      | Killed Duvessa
  7173 | D:4      | Reached XP level 7. HP: 30/41 MP: 2/13
  7178 | D:4      | Killed Dowan
  7179 | D:4      | Reached skill level 6 in Fire Magic
  7188 | D:4      | Noticed Natasha
  7192 | D:4      | Killed from afar by Natasha

Illustrated notes

Levels and vault maps discovered:
D:1:      lightli_arrival_lavapool, layout_basic,
          nemelex_xobeh_ov_fountains_minmay
D:2:      layout_loops_corners, xom_redecorated, serial_bayou_pond_c,
          minmay_liquid_box, uniq_robin, uniq_terence
D:3:      layout_loops_ring, led_sif_book, serial_forest,
          infiniplex_forest_lined_room_2, infiniplex_forest_lined_room_2,
          infiniplex_forest_split, infiniplex_forest_lined_corner,
          infiniplex_forest_clump_cross, infiniplex_forest_diagonal,
          infiniplex_forest_lined_room_, infiniplex_forest_clump_tiny,
          fedhas_altar_3, uniq_crazy_yiuf_cottage
D:4:      layout_loops_ring, uniq_duvessa, uniq_natasha

Skill      XL: |  1  2  3  4  5  6  7 |
---------------+----------------------+-----
Stealth        | 3 |  3.0
Fire Magic     | 4 5 6 |  6.0
Conjurations   | 2 3 |  3.5
Spellcasting   | 3 4 |  4.0
Dodging        | |  2.1

Action                   |  1- 3 |  4- 6 |  7- 9 || total
-------------------------+-------+-------+-------++-------
Melee: Unarmed           |    17 |       |       ||    17
       Constrict         |    17 |    19 |     2 ||    38
       Tentacles         |     8 |    12 |     1 ||    21
       Hand axe          |    20 |    88 |     7 ||   115
       Dagger            |     5 |       |       ||     5
 Cast: Foxfire           |    68 |   173 |       ||   241
  Use: Potion            |     2 |       |       ||     2
       Scroll            |       |     7 |       ||     7
 Stab: Sleeping          |     1 |     4 |       ||     5
Armor: Skin              |    11 |     7 |     1 ||    19
Dodge: Dodged            |    28 |    48 |     6 ||    82
